 Dungeon Crawl Stone Soup version 0.23-a0-419-g0174fd80c1 (webtiles) character file.

476854 Banto the Devastator (level 24, -16/224 HPs)
             Began as an Octopode Earth Elementalist on Nov 12, 2018.
             Was the Champion of Sif Muna.
             Killed from afar by a quicksilver dragon (38 damage)
             ... with a bolt of dispelling energy
             ... on level 2 of the Depths on Nov 13, 2018.
             The game lasted 03:07:22 (64399 turns).

Banto the Devastator (Octopode Earth Elementalist) Turns: 64399, Time: 03:07:23

Health: -16/224    AC: 36    Str: 10    XL:     24   Next: 78%
Magic:  17/51      EV: 21    Int: 39    God:    Sif Muna [******]
Gold:   4248       SH:  8    Dex: 17    Spells: 6/54 levels left

rFire    + + .     SeeInvis +   D - +9 quick blade
rCold    + + .     Gourm    .   f - +3 warlock's mirror {reflect}
rNeg     + + +     Faith    .   L - +2 hat {SInv}
rPois    ∞         Spirit   .   K - amulet of regeneration
rElec    +         Reflect  +   d - ring "Napeiteb" {rF+ Int+4 Stlth+}
rCorr    +         Harm     .   T - ring "Poiw" {rElec rF+ rN+ MR+ Int+4}
MR       ++...                  S - ring "Eriutui" {*Drain +Inv +Fly rPois SInv}
Stlth    ++++++++..             w - ring of the Skies Above {rCorr Int+4}
HPRegen  0.87/turn              R - ring "Emnum" {rC+ rN+ Int+3 Dex+3}
MPRegen  0.32/turn              G - ring of magical power
                                k - +4 ring of protection
                                x - ring of protection from cold

@: statue-form (expiring), divine energy, very slow
A: almost no armour, stealthy swim, amphibious, 8 rings, constrict 8, camouflage
1, blink, mutation resistance 1, poison resistance
}: 2/15 runes: decaying, gossamer
a: End Transformation, Blink, Stop Divine Energy, Channel Magic, Forget Spell,
Renounce Religion, Evoke Invisibility, Evoke Flight


You were on level 2 of the Depths.
You worshipped Sif Muna.
Sif Muna was exalted by your worship.
You were not hungry.
You were a stone statue.
You visited 11 branches of the dungeon, and saw 46 of its levels.
You also visited: Labyrinth, Bailey, Volcano and Wizlab.

You collected 6760 gold pieces.
You spent 2512 gold pieces at shops.

Inventory:

Hand Weapons
 D - a +9 quick blade (weapon)
Missiles
 b - 653 stones (quivered)
Armour
 f - the +3 warlock's mirror (worn) {reflect}
   (You acquired it on level 14 of the Dungeon)
 L - a +2 hat of see invisible (worn)
Jewellery
 d - the ring "Napeiteb" (left tentacle) {rF+ Int+4 Stlth+}
   (You bought it in a shop on level 2 of the Orcish Mines)

   [ring of intelligence]

   It affects your intelligence (+4).
   It protects you from fire.
   It makes you more stealthy.
 j - the brooch of Shielding {Reflect SH+8}
   (You bought it in a shop on level 2 of the Orcish Mines)

   [amulet of reflection]

   It shields you and reflects attacks.
   It affects your SH (+8).
 k - a +4 ring of protection (on tentacle)
 w - the ring of the Skies Above (on tentacle) {rCorr Int+4}
   (You took it off a deep elf blademaster on level 3 of the Elven Halls)

   [ring of resist corrosion]

   It affects your intelligence (+4).
 x - a ring of protection from cold (on tentacle)
 G - a ring of magical power (on tentacle)
 K - an amulet of regeneration (around mantle)
 R - the ring "Emnum" (on tentacle) {rC+ rN+ Int+3 Dex+3}
   (You found it on level 11 of the Dungeon)

   [ring of intelligence]

   It affects your intelligence (+3).
   It affects your dexterity (+3).
   It protects you from cold.
   It protects you from negative energy.
 S - the ring "Eriutui" (on tentacle) {*Drain +Inv +Fly rPois SInv}
   (You found it on level 11 of the Dungeon)

   [ring of see invisible]

   It protects you from poison.
   It lets you see invisible.
   It lets you turn invisible.
   It lets you fly.
   It causes draining when unequipped.
 T - the ring "Poiw" (right tentacle) {rElec rF+ rN+ MR+ Int+4}
   (You found it on level 11 of the Dungeon)

   [ring of protection from magic]

   It affects your intelligence (+4).
   It protects you from fire.
   It insulates you from electricity.
   It protects you from negative energy.
   It affects your resistance to hostile enchantments.
Wands
 g - a wand of digging (26)
 s - a wand of iceblast (21)
 M - a wand of paralysis (4)
 N - a wand of acid (36)
 X - a wand of scattershot (13)
Scrolls
 l - 9 scrolls of fog
 m - 19 scrolls of identify
 o - 2 scrolls of silence
 p - 23 scrolls of remove curse
 q - 2 scrolls of enchant armour
 r - 6 scrolls of fear
 A - 5 scrolls of blinking
 C - 11 scrolls of teleportation
 H - 3 scrolls of amnesia
 J - a scroll of acquirement
 P - 4 scrolls of magic mapping
 Z - a scroll of holy word
Potions
 e - 8 potions of haste
 h - 8 potions of heal wounds
 i - 4 potions of invisibility
 n - 7 potions of flight
 t - 4 potions of cancellation
 u - 2 potions of magic
 v - 5 potions of resistance
 z - 13 potions of agility
 B - 8 potions of brilliance
 E - 15 potions of curing
 F - 6 potions of berserk rage
 O - 8 potions of might
 Q - 3 potions of mutation
Miscellaneous
 a - 2 sacks of spiders
 y - a phantom mirror
 I - a lamp of fire (inert)
 U - a fan of gales
 V - 2 boxes of beasts
Comestibles
 c - 78 rations


   Skills:
 + Level 16.6 Fighting
 - Level 8.0 Short Blades
 - Level 11.5 Dodging
 - Level 16.0 Stealth
 - Level 4.0 Shields
 + Level 15.6 Spellcasting
 - Level 19.4 Conjurations
 - Level 10.0 Charms
 - Level 10.0 Necromancy
 - Level 12.0 Transmutations
 + Level 2.4 Ice Magic
 - Level 10.0 Air Magic
 - Level 12.0 Earth Magic
 - Level 5.0 Invocations
 - Level 10.0 Evocations


You had 6 spell levels left.
You knew the following spells:

 Your Spells              Type           Power        Failure   Level  Hunger
a - Deflect Missiles      Chrm/Air       #######...   2%          6    None
b - Lehudib's Crystal Sp  Conj/Erth      ########..   11%         8    #####..
c - Glaciate              Conj/Ice       #######...   100%        9    ######.
f - Orb of Destruction    Conj           ########..   1%          7    ###....
h - Statue Form           Tmut/Erth      #######..    1%          6    None
i - Animate Dead          Necr           N/A          1%          4    None
j - Regeneration          Chrm/Necr      #######...   1%          3    None
k - Silence               Hex/Air        ######....   3%          5    None

Your spell library contained the following spells:

 Spells                   Type           Power        Failure   Level  Hunger
 Magic Dart               Conj           ####         0%          1    None
 Sandblast                Erth           ######       0%          1    None
 Shock                    Conj/Air       ####         0%          1    None
 Passwall                 Tmut/Erth      #######.     0%          2    None
 Searing Ray              Conj           ######       0%          2    None
 Sticks to Snakes         Tmut           #######.     0%          2    None
 Static Discharge         Conj/Air       #######.     0%          3    None
 Stone Arrow              Conj/Erth      ######       0%          3    None
 Iskenderun's Mystic Bla  Conj           ########     0%          4    None
 Animate Skeleton         Necr           N/A          1%          1    None
 Apportation              Tloc           ####..       1%          1    None
 Confusing Touch          Hex            ####..       1%          1    None
 Flame Tongue             Conj/Fire      #####        1%          1    None
 Freeze                   Ice            ####         1%          1    None
 Pain                     Necr           ####         1%          1    None
 Sting                    Conj/Pois      ####         1%          1    None
 Summon Butterflies       Summ           ####....     1%          1    None
 Blink                    Tloc           N/A          1%          2    None
 Corpse Rot               Necr           N/A          1%          2    None
 Ensorcelled Hibernation  Hex/Ice        #####.       1%          2    None
 Poisonous Vapours        Pois/Air       ######       1%          2    None
 Shroud of Golubria       Chrm/Tloc      ######....   1%          2    None
 Song of Slaying          Chrm           #######.     1%          2    None
 Sublimation of Blood     Necr           #######...   1%          2    None
 Swiftness                Chrm/Air       #######.     1%          2    None
 Throw Flame              Conj/Fire      ######       1%          2    None
 Throw Frost              Conj/Ice       ######       1%          2    None
 Conjure Flame            Conj/Fire      #######.     1%          3    None
 Dazzling Spray           Conj/Hex       ######       1%          3    None
 Ignite Poison            Fire/Tmut/Pois ######..     1%          3    None
 Mephitic Cloud           Conj/Pois/Air  #######.     1%          3    None
 Ozocubu's Armour         Chrm/Ice       ######..     1%          3    None
 Spider Form              Tmut/Pois      ######....   1%          3    None
 Vampiric Draining        Necr           #######...   1%          3    None
 Airstrike                Air            #######...   1%          4    None
 Force Lance              Conj/Tloc      #######.     1%          4    None
 Fulminant Prism          Conj/Hex       #######...   1%          4    None
 Ice Form                 Ice/Tmut       ######..     1%          4    None
 Leda's Liquefaction      Hex/Erth       ######....   1%          4    None
 Petrify                  Tmut/Erth      #######.     1%          4    None
 Sticky Flame             Conj/Fire      #######.     1%          4    None
 Summon Lightning Spire   Summ/Air       ######..     1%          4    None
 Throw Icicle             Conj/Ice       #######.     1%          4    None
 Agony                    Necr           #######.     1%          5    None
 Blade Hands              Tmut           #######...   1%          5    None
 Bolt of Draining         Conj/Necr      #######...   1%          5    None
 Bolt of Magma            Conj/Fire/Erth #######...   1%          5    None
 Borgnjor's Vile Clutch   Necr/Erth      #######...   1%          5    None
 Dispel Undead            Necr           #######.     1%          5    None
 Excruciating Wounds      Chrm/Necr      #######...   1%          5    None
 Fireball                 Conj/Fire      #######...   1%          5    None
 Irradiate                Conj/Tmut      ########..   1%          5    None
 Iskenderun's Battlesphe  Conj/Chrm      #######.     1%          5    None
 Lee's Rapid Deconstruct  Erth           #######...   1%          5    None
 Lightning Bolt           Conj/Air       #######...   1%          5    None
 Venom Bolt               Conj/Pois      #######...   1%          5    None
 Bolt of Cold             Conj/Ice       #######...   1%          6    None
 Conjure Ball Lightning   Conj/Air       #######...   1%          6    None
 Freezing Cloud           Conj/Ice/Air   #######...   1%          6    None
 Hydra Form               Tmut           #######...   1%          6    None
 Iron Shot                Conj/Erth      ########..   1%          6    None
 Alistair's Intoxication  Tmut/Pois      ######..     2%          5    None
 Yara's Violent Unravell  Hex/Tmut       ######....   2%          5    None
 Death Channel            Necr           #######...   2%          6    None
 Confuse                  Hex            ####....     3%          3    None
 Gell's Gravitas          Tloc           ####......   3%          3    None
 Inner Flame              Hex/Fire       ####....     3%          3    None
 Lesser Beckoning         Tloc           ####......   3%          3    None
 Portal Projectile        Hex/Tloc       ####..       3%          3    None
 Recall                   Summ/Tloc      N/A          3%          3    None
 Summon Guardian Golem    Hex/Summ       ####....     3%          3    None
 Teleport Other           Tloc           ####....     3%          3    None
 Tukima's Dance           Hex            ####....     3%          3    None
 Bolt of Fire             Conj/Fire      #######...   3%          6    None
 Summon Ice Beast         Ice/Summ       #####...     6%          4    None
 Cause Fear               Hex            ####......   11%         4    None
 Olgreb's Toxic Radiance  Pois           ####....     11%         4    None
 Passage of Golubria      Tloc           N/A          11%         4    None
 Simulacrum               Ice/Necr       ######....   13%         6    None
 Metabolic Englaciation   Hex/Ice        #####.....   19%         5    None
 Summon Forest            Summ/Tloc      ####......   30%         5    None
 Ozocubu's Refrigeration  Ice            #####.....   52%         6    None
 Darkness                 Hex            ####......   86%         6    None
 Dispersal                Tloc           ####......   86%         6    None
 Invisibility             Hex            ####....     86%         6    None
 Dragon Form              Tmut           #######...   6%          7    ###....
 Spellforged Servitor     Conj/Summ      #######...   17%         7    ###....
 Chain Lightning          Conj/Air       #######...   17%         8    #####..
 Necromutation            Tmut/Necr      #######...   58%         8    #####..
 Haunt                    Necr/Summ      ######....   75%         7    ###....
 Ring of Flames           Chrm/Fire      ######....   75%         7    ###....
 Borgnjor's Revivificati  Necr           #######...   75%         8    #####..
 Death's Door             Chrm/Necr      #######...   75%         8    #####..
 Malign Gateway           Summ/Tloc      ####......   100%        7    ###....
 Summon Greater Demon     Summ           ####......   100%        7    ###....
 Summon Hydra             Summ           ####......   100%        7    ###....
 Controlled Blink         Tloc           N/A          100%        8    #####..
 Discord                  Hex            ####......   100%        8    #####..
 Disjunction              Tloc           ####......   100%        8    #####..
 Fire Storm               Conj/Fire      #######...   100%        9    ######.
 Shatter                  Erth           #######...   100%        9    ######.
 Tornado                  Air            #######...   100%        9    ######.


Dungeon Overview and Level Annotations

Branches:
Dungeon (15/15)            Temple (1/1) D:5            Lair (6/6) D:11
  Swamp (4/4) Lair:2       Spider (4/4) Lair:2        Slime (2/5) Lair:5
    Orc (2/2) D:11            Elf (3/3) Orc:2        Vaults (4/5) D:14
  Crypt (3/3) Vaults:2       Tomb (0/3) Crypt:3      Depths (2/5) D:15

Altars:
Ashenzari
Cheibriados
Dithmenos
Elyvilon
Fedhas
Gozag
Hepliaklqana
Kikubaaqudgha
Makhleb
Nemelex Xobeh
Okawaru
Qazlal
Ru
Sif Muna
Trog
Uskayaw
Vehumet
Wu Jian
Xom
Yredelemnul
Zin
The Shining One
Beogh

Shops:
D:4 *   D:7 =   Orc:2 [?=%   Elf:2 [!   Vaults:1 !   Vaults:2 :*??}
Vaults:3 (?[*

Portals:
Hell: Depths:1
Trove: Elf:2 (give amulet "Poycoqak")

Annotations:
D:11 1 exclusion
D:14 1 runed door, Somebody's ghost, journeyman FoWn
D:15 3 runed doors
Lair:6 exclusion: door
Slime:1 exclusion: downstairs
Elf:2 3 runed doors, exclusion: 3 deep elf magi
Depths:1 exclusion: downstairs
Depths:2 the Enchantress


Innate Abilities, Weirdness & Mutations

You cannot wear most types of armour.
You are very stealthy in the water. (Stealth+)
You are amphibious.
You can wear up to eight rings at the same time.
You can use your tentacles to constrict eight enemies at once.
Your skin changes colour to match your surroundings (Stealth+).
((Your rubbery body absorbs attacks. (AC +1, EV +1)))
You can translocate small distances at will.
You are somewhat resistant to further mutation.
Your system is resistant to poisons. (rPois)


Message History

You turn into a living statue of rough stone.
The red devil hits you but does no damage.
The quicksilver dragon closely misses you.
You block the quicksilver dragon's attack.
Your spriggan berserker zombie hits the quicksilver dragon with a +0 antimagic You now have 21/224 hp.
Unknown command.
The quicksilver dragon barely misses you.
You block the quicksilver dragon's attack.
The tengu warrior unwields a +0 arbalest.
The tengu warrior wields a +0 long sword.
The tengu warrior hits your spriggan berserker zombie with a +0 long sword!
The tengu warrior pecks your spriggan berserker zombie but does no damage.
The tengu warrior barely misses your spriggan berserker zombie.
Your spriggan berserker zombie hits the quicksilver dragon with a +0 antimagic The quicksilver dragon breathes dispelling energy at you.
The bolt of dispelling energy hits you!
You feel strangely stable.
Your magical effects are unravelling.
You die...

#################
#≈≈≈≈.......≈≈≈≈#
#≈≈≈..(......≈≈≈#
#≈≈...........≈≈# #######
#≈.....≈≈≈.....≈#
88#8#8###.....≈≈(≈≈.....#
........#....≈≈.8C≈≈....#(
........')...≈≈..DZ≈....'.
(.....)=)....≈)((Z4≈....'.
....)...#.....W≈≈zQ(....#.
88#8#8###....)$≈≈≈......#
####### #..)≈.......≈...#
##..≈≈.(...≈().##
#...≈.....≈...#
.'...≈≈...≈≈...'.


You could see a quicksilver dragon, a stone giant, a tengu warrior, a red devil,
a shadow (invisible), a flying skull and 2 friendly spriggan berserker zombies.

Vanquished Creatures
  Mara (Crypt:3)
  An ancient lich (Crypt:3)
  Sojobo (Crypt:2)
  Margery (Depths:1)
  Xtahua (Crypt:3)
  Frederick (Vaults:3)
  2 bone dragons (Crypt:3)
  2 deep elf blademasters (Elf:3)
  3 liches
  3 acid blobs (Slime:1)
  2 deep elf master archers (Elf:3)
  Gastronok (D:8)
  6 ancient champions
  Kirke (D:15)
  3 thorn hunters
  2 tengu reavers (Crypt:2)
  2 storm dragons
  A revenant (Crypt:2)
  3 fire giants
  5 vault wardens
  2 azure jellies
  9 deep elf sorcerers
  2 frost giants
  3 ghost moths
  6 emperor scorpions
  A balrug (WizLab)
  3 ghouls (Crypt:2)
  3 orc warlords
  A caustic shrike zombie (Crypt:1)
  4 deep elf elementalists (Elf:3)
  A curse skull (Crypt:2)
  A caustic shrike skeleton (Crypt:1)
  2 reapers (Crypt:3)
  A spriggan defender (Depths:1)
  A war gargoyle (Depths:2)
  4 vampire knights
  4 very ugly things (Depths:1)
  5 entropy weavers
  4 stone giants
  14 ironheart preservers
  3 deep elf demonologists
  7 deep elf annihilators
  Azrael (D:15)
  3 spark wasps
  Snorg (D:12)
  A red draconian (Volcano)
  A blizzard demon (Depths:2)
  A minotaur (Lab)
  11 deep elf death magi
  3 eidola
  2 ettins (Depths:1)
  Josephine (D:10)
  5 fire dragons
  2 crystal guardians
  8 jiangshi
  14 yaktaur captains
  11 ogre magi
  4 deep elf high priests
  18 hydras
  4 ice dragons
  A great orb of eyes (shapeshifter) (Vaults:4)
  4 great orbs of eyes
  A quicksilver dragon skeleton (Crypt:3)
  4 rakshasas
  A spriggan air mage (Depths:1)
  44 two-headed ogres
  4 vault guards
  3 ghost crabs
  3 shambling mangroves (Swamp:3)
  7 centaur warriors
  4 death knights
  21 dancing weapons
  7 death yaks
  14 alligators
  A tengu warrior (Depths:2)
  3 deep troll earth magi
  4 vampire magi
  4 spriggan berserkers (Depths:2)
  13 deep elf knights
  5 orc high priests
  4 soul eaters
  A sun demon (Depths:2)
  2 hell knights (Depths:1)
  Nergalle (Orc:1)
  A titan skeleton (Crypt:3)
  An iron troll (Depths:1)
  53 skeletal warriors
  A fire crab (Lair:6)
  A salamander mystic (Volcano)
  A sixfirhy (WizLab)
  2 golden dragon zombies (Crypt:2)
  A quicksilver dragon simulacrum (Depths:2)
  15 deep trolls
  3 unseen horrors
  6 flayed ghosts
  4 swamp dragons (Swamp:4)
  3 storm dragon skeletons (Crypt:3)
  A golden dragon skeleton (Crypt:3)
  13 deep elf archers
  2 glowing orange brains
  12 ironbrand convokers
  13 harpies
  10 orc knights
  3 phantasmal warriors
  A wolf spider zombie (Crypt:2)
  30 wolf spiders
  A mana viper (WizLab)
  8 wizards
  53 deep elf magi
  7 necromancers
  11 orb spiders
  28 ugly things
  10 orc sorcerers
  A stone giant zombie (Vaults:3)
  4 cyclopes
  3 manticores
  A shadow dragon skeleton (Crypt:3)
  A fire giant zombie (Depths:1)
  6 salamanders (Volcano)
  A worldbinder (WizLab)
  A moth of wrath (Spider:4)
  A shining eye (Slime:2)
  2 salamanders (shapeshifter)
  3 elephants (Lair:2)
  2 frost giant skeletons
  4 black mambas
  A dire elephant zombie (Crypt:2)
  A black mamba (shapeshifter) (Vaults:2)
  6 centaur zombies
  An ice statue (Depths:2)
  3 stone giant skeletons
  3 fire giant skeletons
  Maurice (D:9)
  20 vault sentinels
  An eye of devastation (Slime:1)
  8 rust devils
  3 torpor snails
  An elephant slug zombie (Crypt:2)
  A yaktaur (shapeshifter) (Vaults:3)
  A grey draconian zombie (Crypt:3)
  A smoke demon (WizLab)
  19 spiny frogs
  3 gargoyles
  A storm dragon simulacrum (Crypt:2)
  11 freezing wraiths
  2 efreet
  An emperor scorpion zombie (Crypt:2)
  2 dire elephant skeletons
  2 kobold demonologists (D:15)
  4 rime drakes
  11 komodo dragons
  40 yaktaurs
  A pale draconian zombie (Crypt:2)
  17 demonic crawlers
  A white draconian zombie (Crypt:1)
  2 ice devils (Depths:2)
  An ancient zyme (WizLab)
  A queen bee (Lair:1)
  2 red devils (Depths:2)
  16 jumping spiders
  A yellow draconian skeleton (Crypt:1)
  3 meliai
  3 iron troll skeletons
  A polar bear (shapeshifter) (Vaults:4)
  5 tyrant leeches
  A wind drake (shapeshifter) (Vaults:2)
  25 hornets
  5 trolls
  Grinder (D:4)
  A hornet (shapeshifter) (D:14)
  A snapping turtle (shapeshifter) (Vaults:2)
  8 blink frogs
  A harpy skeleton (D:14)
  68 slime creatures
  7 bog bodies
  2 raiju (shapeshifter)
  4 dream sheep (Lair:3)
  A raiju (WizLab)
  A stone giant simulacrum (Depths:1)
  3 large abominations
  14 flying skulls
  3 human simulacra (Vaults:4)
  11 hippogriffs
  An ice dragon skeleton (Crypt:3)
  A centaur simulacrum (D:15)
  3 air elementals
  2 alligator skeletons (Crypt:3)
  A guardian serpent skeleton (Crypt:3)
  42 redbacks
  An ettin skeleton (WizLab)
  4 starcursed masses (WizLab)
  4 shadows
  A dire elephant simulacrum (Crypt:2)
  20 tarantellas
  A fire dragon skeleton (Depths:1)
  2 black mamba skeletons (Crypt:3)
  9 spriggans
  A water elemental (Elf:3)
  12 wraiths
  5 hogs
  A vampire (D:14)
  5 wyverns
  A basilisk (shapeshifter) (Vaults:1)
  6 fire elementals
  3 humans
  47 yaks
  3 hungry ghosts
  A steam dragon (D:12)
  3 spatial vortices (WizLab)
  5 basilisks
  19 vampire mosquitoes
  23 swamp worms
  4 insubstantial wisps (Swamp:1)
  6 wargs
  5 acid dragons
  4 hell hounds
  17 water moccasins
  13 swamp drakes
  A merfolk skeleton (Crypt:3)
  5 porcupines
  66 orc warriors
  4 black bears
  2 ettin simulacra (Depths:2)
  2 eyes of draining
  5 ice beasts
  3 sky beasts
  A necrophage (Crypt:3)
  4 small abominations
  6 phantoms
  11 wolves
  44 ogres
  A human skeleton (Vaults:4)
  18 centaurs
  19 crocodiles
  5 big kobolds
  16 bullfrogs
  A glowing shapeshifter simulacrum (Vaults:3)
  A wyvern zombie (D:9)
  A deep troll simulacrum (Vaults:4)
  3 earth elementals
  5 scorpions
  36 killer bees
  A raiju zombie (Crypt:1)
  14 wights
  A spriggan skeleton (Crypt:3)
  4 howler monkeys
  7 electric eels
  7 crimson imps
  4 bullfrog zombies
  34 orc priests
  9 hounds
  A gnoll shaman (D:6)
  11 centaur skeletons
  6 jellies
  26 orc wizards
  2 bullfrog skeletons
  5 iguanas
  A basilisk skeleton (Crypt:3)
  A demonspawn skeleton (Crypt:3)
  11 worker ants
  A killer bee zombie (Crypt:3)
  A demigod zombie (Crypt:2)
  A felid zombie (Crypt:2)
  A big kobold zombie (Crypt:2)
  A tengu zombie (Crypt:3)
  A deep dwarf skeleton (Crypt:2)
  A hound zombie (D:11)
  2 hound skeletons
  2 worker ant zombies
  17 gnolls
  A howler monkey skeleton (D:6)
  10 adders
  2 shadow imps
  An ooze (D:9)
  2 adder skeletons
  A worm (D:3)
  A dart slug (D:3)
  9 leopard geckos
  156 orcs
  6 giant cockroaches
  26 goblins
  27 hobgoblins
  12 jackals
  26 kobolds
  10 quokkas
  14 bats
  7 frilled lizards
  A giant cockroach zombie (Crypt:1)
  A kobold skeleton (Crypt:3)
  A leopard gecko skeleton (D:6)
  An orc skeleton (Crypt:3)
  10 rats
  A crawling corpse (Depths:2)
  A fungus (Lair:6)
  10 withered plants (Crypt:3)
2100 creatures vanquished.

Vanquished Creatures (collateral kills)
  A deep elf blademaster (Elf:3)
  A shadow dragon (Vaults:4)
  Frances (Spider:2)
  An emperor scorpion (Spider:4)
  2 vault wardens (Vaults:4)
  4 stone giants
  A very ugly thing (Depths:1)
  An entropy weaver (Spider:3)
  2 vault guards (Vaults:3)
  4 ogre magi
  3 hydras (Swamp:4)
  A shambling mangrove (Swamp:1)
  A death knight (Vaults:3)
  8 two-headed ogres
  2 death yaks (Lair:6)
  A deep troll shaman (Depths:1)
  A tengu warrior (Depths:2)
  A deep troll earth mage (Vaults:3)
  A hell knight (Depths:1)
  A fire crab (shapeshifter) (Vaults:3)
  3 swamp dragons (Swamp:4)
  2 deep elf archers
  An orc knight (Orc:2)
  An ironbrand convoker (Vaults:4)
  A harpy (Vaults:3)
  A sphinx zombie (Depths:1)
  3 ugly things
  2 wolf spiders
  2 orb spiders
  A frost giant skeleton (Depths:1)
  2 vault sentinels
  10 yaktaurs
  2 tengu conjurers (Depths:1)
  4 demonic crawlers
  2 freezing wraiths
  A queen bee (shapeshifter) (Depths:1)
  11 jumping spiders
  A polar bear (shapeshifter) (Vaults:4)
  A merfolk (shapeshifter) (Depths:1)
  5 hornets
  A hippogriff (Lair:6)
  3 slime creatures
  A blink frog (Lair:6)
  3 tyrant leeches
  2 bog bodies (Swamp:4)
  9 tarantellas
  9 redbacks
  A fire elemental (D:15)
  3 swamp worms
  A water moccasin (Lair:6)
  An orc warrior (D:11)
  A black bear (shapeshifter) (Vaults:4)
  4 swamp drakes (Swamp:4)
  5 ogres
  2 crocodiles
  A human zombie (Vaults:3)
  An orc priest (Orc:1)
  2 orcs
  2 kobolds (D:15)
146 creatures vanquished.

Vanquished Creatures (others)
  2 deep elf master archers (Elf:3)
  A fire dragon (Vaults:3)
  A deep elf knight (Elf:3)
  2 deep elf archers
  A deep elf mage (Elf:2)
  2 yaktaurs
  A hornet (Spider:4)
  A human (D:15)
  An ogre (Vaults:4)
  An ettin simulacrum (Depths:2)
  A centaur (D:13)
  A wight (D:14)
  A spriggan skeleton (Crypt:3)
  A ball lightning (Swamp:3)
  9 fungi
  6 plants
  3 withered plants (Crypt:3)
35 creatures vanquished.

Grand Total: 2281 creatures vanquished

Notes
Turn   | Place    | Note
-------+----------+-------------------------------------------
     0 | D:1      | Banto the Octopode Earth Elementalist began the quest for
                  | the Orb.
     0 | D:1      | Reached XP level 1. HP: 11/11 MP: 3/3
   391 | D:1      | Reached XP level 2. HP: 13/17 MP: 1/5
   471 | D:1      | Learned a level 2 spell: Passwall
  1008 | D:1      | Reached XP level 3. HP: 15/21 MP: 4/6
  1456 | D:2      | Learned a level 3 spell: Stone Arrow
  2275 | D:3      | Noticed a gnoll sergeant
  2280 | D:2      | Reached XP level 4. HP: 25/27 MP: 3/7
  2365 | D:3      | Found an opulent altar of Gozag.
  2441 | D:3      | Reached skill level 1 in Short Blades
  2837 | D:3      | Reached XP level 5. HP: 31/31 MP: 8/8
  3440 | D:4      | Found a burning altar of Makhleb.
  3657 | D:4      | Noticed an ogre
  3704 | D:4      | Reached skill level 5 in Stealth
  3704 | D:4      | Reached XP level 6. HP: 36/36 MP: 10/10
  3748 | D:4      | Found an opulent altar of Gozag.
  3752 | D:4      | Found Gozag's Platinum Reserve.
  3975 | D:4      | Learned a level 4 spell: Petrify
  4175 | D:4      | Noticed a phantom
  4193 | D:4      | Killed a phantom
  4193 | D:4      | Reached XP level 7. HP: 34/41 MP: 11/11
  4397 | D:5      | Entered Level 5 of the Dungeon
  4987 | D:4      | Reached skill level 5 in Earth Magic
  5181 | D:5      | Noticed Grinder
  5196 | D:5      | Found a staircase to the Ecumenical Temple.
  5394 | D:5      | Found a snail-covered altar of Cheibriados.
  5394 | D:5      | Found an ornate altar of the Wu Jian Council.
  5425 | D:4      | Killed Grinder
  5425 | D:4      | Reached XP level 8. HP: 41/46 MP: 12/12
  5690 | Temple   | Entered the Ecumenical Temple
  6003 | D:5      | Found a sacrificial altar of Ru.
  6191 | D:6      | Found a bloodstained altar of Trog.
  6231 | D:6      | Noticed a two-headed ogre
  6246 | D:6      | Killed a two-headed ogre
  6246 | D:6      | Reached skill level 5 in Short Blades
  6246 | D:6      | Reached skill level 5 in Transmutations
  6246 | D:6      | Reached XP level 9. HP: 51/51 MP: 13/13
  6290 | D:6      | Found a sparkling altar of Nemelex Xobeh.
  7288 | D:6      | Found a deep blue altar of Sif Muna.
  7404 | D:6      | Became a worshipper of Sif Muna the Loreminder
  7826 | D:7      | Reached skill level 10 in Stealth
  7988 | D:7      | Reached XP level 10. HP: 42/56 MP: 14/14
  8048 | D:7      | Found Yzynan's Jewellery Boutique.
  8103 | D:7      | Bought a +3 ring of protection for 210 gold pieces
  8104 | D:7      | Bought an uncursed ring of stealth for 175 gold pieces
  8129 | D:7      | Found a shadowy altar of Dithmenos.
  8310 | D:7      | Reached * piety under Sif Muna
  8460 | D:7      | Found a glowing golden altar of the Shining One.
  9428 | D:8      | Noticed Gastronok
  9487 | D:8      | Killed Gastronok
  9487 | D:8      | Reached ** piety under Sif Muna
  9487 | D:8      | Reached XP level 11. HP: 61/61 MP: 15/15
 10042 | D:8      | Identified a scroll of acquirement
 10095 | D:9      | Found a flagged portal.
 10111 | Bailey   | Entered a bailey
 10161 | Bailey   | Learned a level 5 spell: Lee's Rapid Deconstruction
 10367 | Bailey   | Noticed an orc knight
 10401 | Bailey   | Killed an orc knight
 10566 | Bailey   | Noticed an orc knight
 10581 | Bailey   | Killed an orc knight
 10612 | Bailey   | Noticed an orc knight
 10612 | Bailey   | Noticed an orc warlord
 10634 | Bailey   | Killed an orc knight
 10634 | Bailey   | Reached skill level 1 in Fighting
 10947 | Bailey   | Reached *** piety under Sif Muna
 11210 | Bailey   | Killed an orc warlord
 11381 | D:9      | Noticed Maurice
 11403 | D:9      | Killed Maurice
 11610 | D:9      | Reached skill level 5 in Dodging
 11724 | D:9      | Reached skill level 5 in Fighting
 11927 | D:9      | Found a glowing silver altar of Zin.
 11970 | D:9      | Found a sparkling altar of Nemelex Xobeh.
 12015 | D:9      | Found a white marble altar of Elyvilon.
 12067 | D:9      | Found a basalt altar of Yredelemnul.
 12206 | D:10     | Entered Level 10 of the Dungeon
 12751 | D:10     | Noticed Josephine
 12751 | D:10     | Reached XP level 12. HP: 77/77 MP: 16/16
 13583 | D:10     | Killed Josephine
 13973 | D:11     | Noticed a centaur warrior
 14447 | D:11     | Got an ancient bone ring
 14651 | D:11     | Identified the ring "Eriutui" {*Drain +Inv +Fly rPois SInv}
                  | (You found it on level 11 of the Dungeon)
 14689 | D:11     | Found a staircase to the Lair.
 14696 | D:11     | Reached **** piety under Sif Muna
 14754 | D:11     | Reached skill level 1 in Invocations
 14754 | D:11     | Reached skill level 1 in Evocations
 14816 | D:11     | Killed a centaur warrior
 14833 | D:11     | Noticed an eight-headed hydra
 14836 | D:11     | Killed an eight-headed hydra
 15029 | D:11     | Noticed a two-headed ogre
 15036 | D:11     | Killed a two-headed ogre
 15120 | D:11     | Noticed a yaktaur captain
 15134 | D:11     | Killed a yaktaur captain
 15364 | D:11     | Identified Osatyr's Tome of the Arsonist and Ice
 15372 | D:11     | Got an ancient steel ring
 15394 | D:11     | Identified the ring "Poiw" {rElec rF+ rN+ MR+ Int+4} (You
                  | found it on level 11 of the Dungeon)
 15502 | D:11     | Noticed a four-headed hydra
 15519 | D:11     | Killed a four-headed hydra
 15519 | D:11     | Reached XP level 13. HP: 89/89 MP: 17/17
 15688 | D:11     | Reached skill level 5 in Invocations
 15688 | D:11     | Reached skill level 5 in Evocations
 15704 | D:11     | Got a scorched platinum ring
 15881 | D:11     | Found a staircase to the Orcish Mines.
 16139 | D:11     | Identified the ring "Emnum" {rC+ rN+ Int+3 Dex+3} (You
                  | found it on level 11 of the Dungeon)
 17300 | D:12     | Noticed Snorg
 17309 | D:12     | Killed Snorg
 17743 | Lair:1   | Entered Level 1 of the Lair of Beasts
 17975 | Lair:1   | Reached skill level 1 in Conjurations
 18564 | Lair:1   | Reached skill level 2 in Conjurations
 18764 | Lair:1   | Got a heavily runed platinum ring
 18876 | Lair:1   | Identified the ring "Qoicwo Sin" {Wiz -Tele +Inv rElec rF-}
                  | (You found it on level 1 of the Lair of Beasts)
 18919 | Lair:2   | Reached ***** piety under Sif Muna
 18919 | Lair:2   | Identified Sif Muna's Grimoire of Congealing Calling (Sif
                  | Muna gifted it to you on level 2 of the Lair of Beasts)
 18919 | Lair:2   | Received a gift from Sif Muna
 19230 | Lair:2   | Learned a level 3 spell: Ozocubu's Armour
 19276 | Lair:2   | Reached skill level 3 in Conjurations
 19449 | Lair:2   | Reached XP level 14. HP: 84/97 MP: 20/20
 19486 | Lair:2   | Found a hole to the Spider Nest.
 19780 | Lair:2   | Found a staircase to the Swamp.
 19823 | Lair:2   | Reached skill level 4 in Conjurations
 20237 | Lair:3   | Reached skill level 1 in Shields
 20250 | Lair:3   | Found a dark tunnel.
 20264 | Volcano  | Entered a volcano
 20283 | Volcano  | Found a radiant altar of Vehumet.
 20285 | Volcano  | Noticed a red draconian
 20303 | Volcano  | Killed a red draconian
 20625 | Lair:3   | Reached skill level 5 in Conjurations
 21754 | Lair:4   | Reached skill level 15 in Stealth
 22149 | Lair:4   | Reached skill level 6 in Conjurations
 22530 | Lair:4   | Reached skill level 10 in Evocations
 23346 | Lair:5   | Found a staircase to the Slime Pits.
 23580 | Lair:5   | Learned a level 1 spell: Animate Skeleton
 24035 | Lair:5   | Reached skill level 7 in Conjurations
 24366 | Lair:6   | Entered Level 6 of the Lair of Beasts
 24633 | Lair:6   | Identified Sif Muna's Catalogue of Quantum Transmutation
                  | (Sif Muna gifted it to you on level 6 of the Lair of
                  | Beasts)
 24633 | Lair:6   | Received a gift from Sif Muna
 24775 | Lair:6   | Reached XP level 15. HP: 40/101 MP: 22/22
 25020 | Lair:6   | Reached skill level 8 in Conjurations
 25253 | Lair:6   | Reached skill level 1 in Charms
 25253 | Lair:6   | Reached skill level 1 in Necromancy
 25967 | Orc:1    | Entered Level 1 of the Orcish Mines
 26338 | Orc:1    | Noticed Nergalle
 26353 | Orc:1    | Killed Nergalle
 26637 | Orc:2    | Entered Level 2 of the Orcish Mines
 27166 | Orc:2    | Found a roughly hewn altar of Beogh.
 27223 | Orc:2    | Reached skill level 5 in Spellcasting
 27348 | Orc:2    | Found Cokoc's Antique Armour Emporium.
 27348 | Orc:2    | Noticed an orc warlord
 27369 | Orc:2    | Killed an orc warlord
 27417 | Orc:2    | Found Tacwir's Magic Scroll Shoppe.
 27542 | Orc:2    | Bought a scroll of identify for 28 gold pieces
 27542 | Orc:2    | Bought a scroll of identify for 28 gold pieces
 27542 | Orc:2    | Bought a scroll of identify for 28 gold pieces
 27542 | Orc:2    | Bought a scroll of identify for 28 gold pieces
 27542 | Orc:2    | Bought a scroll of identify for 28 gold pieces
 27542 | Orc:2    | Bought a scroll of teleportation for 42 gold pieces
 27542 | Orc:2    | Bought a scroll of blinking for 105 gold pieces
 27555 | Orc:2    | Bought a shiny buckler for 187 gold pieces
 27933 | Orc:2    | Reached skill level 5 in Charms
 27950 | Orc:2    | Reached skill level 5 in Necromancy
 28109 | Orc:2    | Received a gift from Sif Muna
 28248 | Orc:2    | Found a staircase to the Elven Halls.
 28591 | Orc:2    | Found Tuif's Jewellery Shop.
 29032 | Orc:2    | Gained mutation: Your system is resistant to poisons.
                  | (rPois) [potion of mutation]
 29032 | Orc:2    | Gained mutation: You can translocate small distances at
                  | will. [potion of mutation]
 29032 | Orc:2    | Gained mutation: You are somewhat resistant to further
                  | mutation. [potion of mutation]
 29078 | Orc:2    | Noticed an orc warlord
 29107 | Orc:2    | Killed an orc warlord
 29158 | Orc:2    | Found a roughly hewn altar of Beogh.
 29547 | Orc:2    | Found Jaolou's Food Boutique.
 29987 | D:13     | Found a labyrinth entrance.
 30022 | Lab      | Entered a labyrinth
 30575 | D:13     | Reached XP level 16. HP: 64/108 MP: 23/23
 30795 | D:13     | Learned a level 6 spell: Statue Form
 31566 | D:14     | Noticed Somebody's ghost (journeyman FoWn)
 31569 | D:14     | Found a runed door.
 32109 | D:14     | Identified Sif Muna's Grimoire of Unholy Arcane Weapons
                  | (Sif Muna gifted it to you on level 14 of the Dungeon)
 32109 | D:14     | Received a gift from Sif Muna
 32289 | D:14     | Found a gate to the Vaults.
 32696 | D:14     | Found the +3 warlock's mirror {reflect}
 32713 | D:14     | Got a faintly humming hat
 32724 | D:14     | Identified the +0 hat of Yzessim {rCorr} (You acquired it
                  | on level 14 of the Dungeon)
 32761 | D:15     | Entered Level 15 of the Dungeon
 32878 | D:15     | Noticed Kirke
 32911 | D:15     | Noticed a sphinx
 32911 | D:15     | Killed Kirke
 32995 | D:15     | Noticed Azrael
 33012 | D:15     | Killed Azrael
 33294 | D:15     | Reached skill level 10 in Transmutations
 33500 | D:15     | Reached skill level 10 in Earth Magic
 33514 | D:15     | Found a staircase to the Depths.
 33828 | D:15     | Found a runed gate.
 33828 | D:15     | Found a runed gate.
 33828 | D:15     | Found a runed gate.
 34006 | Elf:1    | Entered Level 1 of the Elven Halls
 34246 | Elf:1    | Learned a level 4 spell: Animate Dead
 34882 | Elf:1    | Identified Fynt's Grimoire of Attacks (Sif Muna gifted it
                  | to you on level 1 of the Elven Halls)
 34882 | Elf:1    | Received a gift from Sif Muna
 35243 | Elf:1    | Reached XP level 17. HP: 112/112 MP: 29/29
 35281 | Elf:1    | Learned a level 3 spell: Regeneration
 35282 | Elf:2    | Found Duyzoir's Distillery.
 35483 | Elf:2    | Found a runed gate.
 35485 | Elf:2    | Found a runed gate.
 35505 | Elf:2    | Found a runed gate.
 35938 | Elf:2    | Found Suihy's Antique Armour Emporium.
 36359 | Elf:2    | Found a portal to a secret trove of treasure.
 36441 | Elf:3    | Entered Level 3 of the Elven Halls
 37053 | Swamp:1  | Entered Level 1 of the Swamp
 37455 | Swamp:1  | Identified Sif Muna's Tome of the Mutagenic Arsonist (Sif
                  | Muna gifted it to you on level 1 of the Swamp)
 37455 | Swamp:1  | Received a gift from Sif Muna
 37455 | Swamp:1  | Reached ****** piety under Sif Muna
 38174 | Swamp:2  | Reached skill level 10 in Spellcasting
 39059 | Swamp:1  | Learned a level 6 spell: Deflect Missiles
 39157 | Swamp:3  | Reached skill level 1 in Air Magic
 39197 | Swamp:3  | Received a gift from Sif Muna
 39515 | Swamp:3  | Reached XP level 18. HP: 104/118 MP: 33/33
 40106 | Swamp:4  | Entered Level 4 of the Swamp
 40222 | Swamp:4  | Reached skill level 5 in Air Magic
 40423 | Swamp:4  | Received a gift from Sif Muna
 40461 | Swamp:4  | Got a decaying rune of Zot
 41046 | Spider:1 | Entered Level 1 of the Spider Nest
 41240 | Spider:1 | Reached skill level 10 in Charms
 42367 | Spider:2 | Noticed Frances
 42376 | Spider:2 | Killed Frances
 42493 | Spider:2 | Identified Uwkefeci's Grimoire of Fetching Lightness (Sif
                  | Muna gifted it to you on level 2 of the Spider Nest)
 42493 | Spider:2 | Received a gift from Sif Muna
 43009 | Spider:3 | Reached skill level 10 in Air Magic
 43216 | Spider:3 | Reached XP level 19. HP: 124/124 MP: 34/34
 43687 | Spider:4 | Entered Level 4 of the Spider Nest
 43915 | Spider:4 | Reached skill level 9 in Conjurations
 44362 | Spider:4 | Identified Kaskett's Guide on Flying Dislocation (Sif Muna
                  | gifted it to you on level 4 of the Spider Nest)
 44362 | Spider:4 | Received a gift from Sif Muna
 44622 | Spider:4 | Reached skill level 10 in Conjurations
 44959 | Spider:4 | Got a gossamer rune of Zot
 45219 | Vaults:1 | Entered Level 1 of the Vaults
 45494 | Vaults:1 | Reached skill level 10 in Necromancy
 45649 | Vaults:1 | Paralysed by a Zot trap for 2 turns
 45748 | Vaults:1 | Found Qioshrede's Distillery.
 45810 | Vaults:1 | Reached skill level 11 in Conjurations
 46434 | Vaults:1 | Identified Xykiqeath's Handbook of the Compass (Sif Muna
                  | gifted it to you on level 1 of the Vaults)
 46434 | Vaults:1 | Received a gift from Sif Muna
 46434 | Vaults:1 | Reached skill level 12 in Conjurations
 46846 | Vaults:2 | Found Ilaok's Gadget Boutique.
 46856 | Vaults:2 | Found a magical portal.
 46875 | WizLab   | Entered The Roulette of Golubria
 46875 | WizLab   | Found a transporter.
 46885 | WizLab   | Found a corrupted altar of Lugonu.
 46937 | WizLab   | Found a transporter.
 47022 | WizLab   | Found a transporter.
 47054 | WizLab   | Found a transporter.
 47061 | WizLab   | Paralysed by accursed screaming for 1 turns
 47112 | WizLab   | Identified the Volume of the Voyage
 47177 | WizLab   | Found a transporter.
 47202 | WizLab   | Found a corrupted altar of Lugonu.
 47205 | WizLab   | Found a transporter.
 47241 | WizLab   | Found a transporter.
 47355 | WizLab   | Found a transporter.
 47355 | WizLab   | Found a transporter.
 47393 | WizLab   | Found a transporter.
 47428 | WizLab   | Identified Golubria's Reference Book on Displacement
 47439 | WizLab   | Found the +1 cloak of Starlight {rElec rC+ EV+4 Stlth--}
 47448 | WizLab   | Found a transporter.
 47478 | Vaults:2 | Reached XP level 20. HP: 129/129 MP: 35/35
 47526 | Vaults:2 | Reached skill level 13 in Conjurations
 47530 | Vaults:2 | Found Uxkial's Magic Scroll Boutique.
 47542 | Vaults:2 | Bought a scroll of identify for 38 gold pieces
 47542 | Vaults:2 | Bought a scroll of identify for 38 gold pieces
 47542 | Vaults:2 | Bought a scroll of identify for 38 gold pieces
 47542 | Vaults:2 | Bought a scroll of identify for 38 gold pieces
 47710 | Vaults:2 | Found Pofu's General Store.
 47715 | Vaults:2 | Found Kuuqyv's Book Boutique.
 47973 | Vaults:2 | Found Wanojuu's Magic Scroll Emporium.
 48136 | Vaults:2 | Found a staircase to the Crypt.
 48160 | Vaults:2 | Reached skill level 14 in Conjurations
 48190 | Vaults:2 | Received a gift from Sif Muna
 48896 | Vaults:2 | Reached skill level 15 in Conjurations
 49519 | Vaults:3 | Identified Sif Muna's Tome of Companions and Moulding (Sif
                  | Muna gifted it to you on level 3 of the Vaults)
 49519 | Vaults:3 | Received a gift from Sif Muna
 49750 | Vaults:3 | Reached skill level 16 in Conjurations
 49750 | Vaults:3 | Noticed Frederick
 49765 | Vaults:3 | Killed Frederick
 50092 | Vaults:2 | Reached XP level 21. HP: 31/135 MP: 0/36
 50481 | Vaults:3 | Found Lux Yxotz's Magic Scroll Shop.
 50481 | Vaults:3 | Found Ampezoys's Antique Weapon Shop.
 50482 | Vaults:3 | Found Luho Yfacepn's Assorted Antiques.
 50511 | Vaults:3 | Reached skill level 17 in Conjurations
 50757 | Vaults:3 | Identified Sif Muna's Papyrus of Transmutation and Snow
                  | (Sif Muna gifted it to you on level 3 of the Vaults)
 50757 | Vaults:3 | Received a gift from Sif Muna
 50902 | Vaults:3 | Found Boercha's Antique Armour Shoppe.
 51385 | Vaults:4 | Reached skill level 18 in Conjurations
 52042 | Vaults:4 | Identified Sif Muna's Grimoire of Excruciating
                  | Augmentations (Sif Muna gifted it to you on level 4 of the
                  | Vaults)
 52042 | Vaults:4 | Received a gift from Sif Muna
 52190 | Vaults:4 | Reached skill level 19 in Conjurations
 53203 | Elf:3    | Reached XP level 22. HP: 141/141 MP: 37/37
 53581 | Elf:3    | Reached skill level 10 in Fighting
 53581 | Elf:3    | Reached skill level 10 in Dodging
 53612 | Elf:3    | HP: 3/187 [deep elf high priest/divine providence (11)]
 54269 | Elf:3    | Found the +8 demon blade "Leech" {vamp, rN+ AC-3 EV-3}
 54281 | Elf:3    | Identified the ring of the Skies Above {rCorr Int+4}
 54379 | Elf:3    | Found the +5 demon whip "Spellbinder" {antimagic, MR+}
 54441 | Elf:3    | Learned a level 7 spell: Orb of Destruction
 54531 | Elf:3    | Identified the Reference Book on Orientation
 54536 | Elf:3    | Identified the Volume of Igneous Orientation
 54571 | Elf:3    | Identified Wizardry in Simple Steps
 54811 | Orc:2    | Bought the ring "Napeiteb" {rF+ Int+4 Stlth+} for 438 gold
                  | pieces
 54827 | Orc:2    | Bought the brooch of Shielding {Reflect SH+8} for 1063 gold
                  | pieces
 54827 | Orc:2    | Found the brooch of Shielding {Reflect SH+8}
 55054 | Slime:1  | Entered Level 1 of the Pits of Slime
 55924 | Slime:2  | Identified Big Megu's Papyrus of Boosting Execration (Sif
                  | Muna gifted it to you on level 2 of the Pits of Slime)
 55924 | Slime:2  | Received a gift from Sif Muna
 56210 | Crypt:1  | Entered Level 1 of the Crypt
 56957 | Crypt:1  | Reached XP level 23. HP: 155/155 MP: 39/39
 57451 | Crypt:2  | Found an ancient bone altar of Kikubaaqudgha.
 58383 | Crypt:3  | Entered Level 3 of the Crypt
 58465 | Crypt:3  | Noticed Sojobo
 59312 | Crypt:2  | Killed Sojobo
 59392 | Crypt:3  | Noticed Xtahua
 59397 | Crypt:3  | Killed Xtahua
 59698 | Crypt:3  | Noticed Mara
 59880 | Crypt:3  | Identified Sif Muna's Guide on the Mountains and the
                  | Snowflakes (Sif Muna gifted it to you on level 3 of the
                  | Crypt)
 59880 | Crypt:3  | Received a gift from Sif Muna
 59891 | Crypt:3  | Noticed Banto's illusion
 59895 | Crypt:3  | Killed Mara
 60007 | Crypt:3  | Found an ancient bone altar of Kikubaaqudgha.
 60015 | Crypt:3  | Identified Saekk's Tome of Black Rituals
 60047 | Crypt:3  | Noticed an ancient lich
 60054 | Crypt:3  | Killed an ancient lich
 60303 | Crypt:3  | Identified the +7 short sword of Fee Simple {vamp, -Tele
                  | rElec rF+ Dex+4}
 60386 | Crypt:3  | Learned a level 5 spell: Silence
 60457 | Crypt:3  | Reached skill level 15 in Fighting
 60529 | Crypt:3  | Reached XP level 24. HP: 169/169 MP: 41/41
 60987 | Crypt:3  | Found a staircase to the Tomb.
 61378 | Depths:1 | Entered Level 1 of the Depths
 61727 | Depths:1 | Found a gateway to Hell.
 61727 | Depths:1 | Noticed Margery
 61781 | Depths:1 | Killed Margery
 62051 | Depths:1 | Identified Sif Muna's Compendium of Confrontation (Sif Muna
                  | gifted it to you on level 1 of the Depths)
 62051 | Depths:1 | Received a gift from Sif Muna
 62179 | Depths:1 | Reached skill level 15 in Spellcasting
 62812 | Depths:2 | Identified the +4 faerie dragon scales {rPois rCorr Str+5
                  | Slay+3}
 62812 | Depths:2 | Noticed the Enchantress
 63200 | Depths:2 | Found a bloodstained altar of Trog.
 63492 | D:13     | Learned a level 8 spell: Lehudib's Crystal Spear
 63749 | Vaults:1 | Learned a level 9 spell: Glaciate
 64054 | Depths:2 | Identified the amulet "Otacukk Sima" {Spirit *Drain rPois
                  | Int+8 Dex+9 Stlth-}
 64068 | Depths:2 | Reached skill level 1 in Ice Magic
 64095 | Depths:2 | Found a sparkling altar of Nemelex Xobeh.
 64164 | Depths:2 | Identified the ring of Royalty {rF+ MR+ Str+3}
 64399 | Depths:2 | Killed from afar by a quicksilver dragon

Vault maps used:
D:1:      lemuel_arrival_hallway, minmay_heptomino_d4
D:2:      first_ration
D:3:      overflow_temple_1_default
D:4:      nicolae_overflow_crystal_walls, nicolae_gozag_zags_fifth_avenue
D:5:      lemuel_doored_altar, gammafunk_temple_overflow_statue, temple_green,
          uniq_grinder
D:6:      lemuel_round_altar, trog_ov_bears_minmay, overflow_temple_1_default
D:7:      old_standard_altar, nicolae_dithmenos_through_a_glass_darkly,
          serial_shops, shop_statue, grunt_livestock, dk_noncrumbling_2
D:8:      special_room, st_stairs_14, uniq_gastronok
D:9:      kennysheep_ying_yang, kennysheep_mini, enter_bailey_3,
          nemelex_dance_club_becter, uniq_maurice
D:10:     uniq_josephine
D:11:     minmay_the_grid_4x2, lair_entry_dummy, erik_orc_1,
          minmay_pinched_square
D:12:     uniq_snorg
D:13:     lab_entry_generic
D:14:     erik_vaults_1, special_room, hellmonk_ghost_happy_afterlife,
          nrook_campfire, bh_walls_and_bars
D:15:     grunt_enter_depths_magical_seal, chequers_serial_rivers_room_a,
          ploomutoo_gammafunk_ghost_potion_laboratory, uniq_kirke, uniq_azrael
Temple:   nicolae_temple_figure_zero
Lair:1:   special_room
Lair:2:   swamp_mist_pool, spider_nest_entry_webs, st_stairs_7,
          serial_bayou_pond_e, worms_lemuel, grunt_megastairs_4,
          lemuel_fruit_tree
Lair:3:   lightli_volcano_entry_magma_tube
Lair:4:   serial_bayou_shore_a, serial_bayou_shore_b, infiniplex_staircase_pool,
          grunt_megastairs_3
Lair:5:   minmay_slime_entry_pillars, serial_rivers,
          chequers_serial_rivers_small_b, chequers_serial_rivers_micro_b,
          chequers_serial_rivers_small_3, chequers_serial_rivers_room_b,
          disabler_island
Lair:6:   evil_forest, grunt_megastairs_2
Swamp:1:  evilmike_swamp_ruin_rubble_2, swamp_pool1,
          nicolae_swamp_trees_clearing, hangedman_swamp_pad
Swamp:2:  evilmike_swamp_ruin_house_5
Swamp:3:  evilmike_swamp_ruin_house_2
Swamp:4:  swamp_alternative
Spider:2: uniq_frances
Spider:3: spider_trap
Spider:4: guppyfry_spider_rune
Orc:1:    uniq_nergalle
Orc:2:    pubby_orc_utopia
Elf:1:    minmay_elf_arrival_circle, evilmike_minifort
Elf:2:    enter_trove_6, serial_shops,
          nicolae_shop_temple_entry_statues_fountains, nicolae_shop_trees,
          elves_outpost_lemuel
Elf:3:    minmay_elf_hall_statues
Vaults:1: nicolae_vaults_ninety_degrees, v_misc_16,
          nicolae_vaults_network_square, vaults_room_large_hall,
          vaults_dpeg_hooks, vaults_room_corners, v_misc_8,
          nicolae_vaults_gold_heap, vaults_dpeg_ring,
          ontoclasm_vaults_decontamination, grunt_vaults_hallway_long,
          serial_shops, nicolae_shop_stone
Vaults:2: v_misc_8, v_rooms_2, hangedman_vaults_impose,
          nicolae_vaults_good_morning_starshine, v_alt_pattern_2,
          blue_anna_dwarven_crypt, ontoclasm_vaults_idyll,
          nicolae_vaults_alarming, nicolae_vaults_border_crossing,
          nicolae_vaults_yaktaur_gun_rack, grunt_vaults_hallway_short,
          hangedman_vaults_stretched_pinwheel, nicolae_vaults_mini_display_case,
          infiniplex_enter_wizlab_glasses, serial_shops, shop, shop, shop, shop,
          shop
Vaults:3: v_misc_25, hangedman_vaults_hard_town_square, hangedman_vaults_nodes,
          v_misc_2, v_misc_5, vaults_room_semicircle, v_misc_27,
          v_alt_pattern_3, v_misc_27, hangedman_vaults_stream, v_misc_23,
          serial_shops, shop, uniq_frederick
Vaults:4: hangedman_vaults_slither, v_misc_28, nicolae_vaults_quartermaster,
          v_pattern_4, v_misc_29, vaults_room_fancy_cross, grunt_vaults_focal,
          nicolae_vaults_little_squares_6, vaults_mumra_minichess_inversion
Crypt:1:  minmay_misc_feat_cross, small_statue_intersection
Crypt:2:  lemuel_statue_altar
Crypt:3:  church_of_pain_bobbens, tomb_entry_forgotten_bobbens, minivault_4,
          st_stairs_5, uniq_xtahua, uniq_sojobo, uniq_mara
Depths:1: grunt_metal_band, roderic_lattice_a, serial_bayou_pond_c, st_stairs_4,
          corexii_corridor_pit, minmay_checkered_concentric_circles
Depths:2: grunt_profane_halls, serial_shops, hell_entry, uniq_enchantress
Lab:      labyrinth_spiral
Bailey:   bailey_axe_minmay_hex_keep, bailey
Volcano:  kennysheep_volcano_temple
WizLab:   wizlab_golubria

Skill      XL: |  1  2  3  4  5  6  7  8  9 10 11 12 13 14 15 16 17 18 19 20 21 22 23 24 |
---------------+-------------------------------------------------------------------------+-----
Stealth        | 3 4 5 7 8 10 11 12 14 16 | 16.0
Short Blades   | 1 2 3 5 6 7 8 |  8.0
Earth Magic    | 4 5 6 7 8 9 11 12 | 12.0
Transmutations | 2 3 4 5 6 8 9 11 12 | 12.0
Spellcasting   | 3 5 8 11 12 14 15 | 15.6
Fighting       | 5 8 9 12 15 16 | 16.6
Dodging        | 6 8 9 11 | 11.5
Invocations    | 4 5 |  5.0
Evocations     | 4 8 10 | 10.0
Conjurations   | 3 7 8 12 16 19 | 19.4
Shields        | 4 |  4.0
Charms         | 7 10 | 10.0
Necromancy     | 7 10 | 10.0
Air Magic      | 2 10 | 10.0
Ice Magic      | 2 |  2.4

Action                   |  1- 3 |  4- 6 |  7- 9 | 10-12 | 13-15 | 16-18 | 19-21 | 22-24 || total
-------------------------+-------+-------+-------+-------+-------+-------+-------+-------++-------
Melee: Unarmed           |    67 |       |       |       |       |       |       |       ||    67
       Constrict         |    27 |    18 |    27 |    89 |   167 |   189 |   167 |   214 ||   898
       Tentacles         |    14 |     9 |    18 |    78 |   266 |   324 |   559 |   774 ||  2042
       Dagger            |    33 |    99 |   142 |    80 |       |       |       |       ||   354
       Short sword       |       |       |       |    92 |       |       |       |       ||    92
       Quick blade       |       |       |       |   323 |  1412 |  1715 |  2199 |  2691 ||  8340
Throw: Stone             |       |     2 |       |     2 |     2 |     1 |       |    10 ||    17
 Cast: Sandblast         |    20 |    20 |    71 |   108 |   118 |    49 |       |       ||   386
       Passwall          |       |     5 |     2 |    14 |     5 |    23 |     6 |     3 ||    58
       Petrify           |       |       |    14 |    71 |   207 |   109 |    60 |    49 ||   510
       Stone Arrow       |       |       |       |       |    12 |   117 |    18 |       ||   147
       Animate Skeleton  |       |       |       |       |    42 |    37 |    21 |    11 ||   111
       Ozocubu's Armour  |       |       |       |       |     2 |     7 |       |       ||     9
       Lee's Rapid Decon |       |       |       |       |       |     7 |    18 |    23 ||    48
       Regeneration      |       |       |       |       |       |    24 |    29 |    32 ||    85
       Statue Form       |       |       |       |       |       |    30 |    56 |    64 ||   150
       Animate Dead      |       |       |       |       |       |    24 |    51 |    23 ||    98
       Deflect Missiles  |       |       |       |       |       |     1 |     4 |     3 ||     8
       Orb of Destructio |       |       |       |       |       |       |       |    18 ||    18
       Lehudib's Crystal |       |       |       |       |       |       |       |     3 ||     3
       Silence           |       |       |       |       |       |       |       |     1 ||     1
Invok: Divine Energy     |       |       |       |     1 |       |       |       |       ||     1
       Forget Spell      |       |       |       |       |       |     1 |       |       ||     1
 Abil: Evoke Invisibilit |       |       |       |       |     1 |       |       |     8 ||     9
       Evoke Flight      |       |       |       |       |     1 |       |       |       ||     1
Evoke: Wand              |       |       |       |       |     6 |       |       |    12 ||    18
       Lamp of fire      |       |       |       |       |       |       |     1 |     1 ||     2
       Fan of gales      |       |       |       |       |       |       |       |     1 ||     1
  Use: Scroll            |     3 |     1 |     7 |     8 |    14 |    13 |     4 |    12 ||    62
       Potion            |       |       |       |       |     1 |     1 |       |       ||     2
 Stab: Sleeping          |     9 |    21 |    13 |    51 |    94 |    84 |    52 |    34 ||   358
       Distracted        |     1 |       |     2 |     2 |     6 |    10 |    13 |     8 ||    42
       Petrified         |       |       |    17 |    66 |   113 |    61 |    26 |    19 ||   302
       Petrifying        |       |       |     1 |    11 |    34 |    26 |    25 |     6 ||   103
       Invisible         |       |       |       |       |     7 |       |       |    47 ||    54
  Eat: Chunk             |     5 |     6 |    15 |    37 |    64 |    47 |    40 |    16 ||   230
       Ration            |       |       |       |     1 |     4 |     2 |     4 |    14 ||    25
Armor: Skin              |    27 |     8 |     5 |    48 |    69 |   535 |   623 |   656 ||  1971
Dodge: Dodged            |    97 |    60 |   111 |   201 |   517 |   926 |  1034 |  1148 ||  4094
       Deflected         |       |       |       |       |       |       |    44 |    61 ||   105
Block: Other             |       |       |       |       |    20 |       |       |       ||    20
       Reflection        |       |       |       |       |    11 |    28 |    35 |    41 ||   115
       Buckler           |       |       |       |       |   185 |   575 |   602 |   645 ||  2007

Table legend:
 A = Non-vault XP
 B = Vault XP
 C = Vault XP percentage of total XP
 D = Non-vault monster count
 E = Vault monster count
 F = Vault count percentage of total count
                 A         B        C        D         E       F
            +---------+---------+-------+---------+---------+-------
      Total |  482473 |  452164 |  48.4 |    1354 |     891 |  39.7
            +---------+---------+-------+---------+---------+-------
        D:1 |      42 |       6 |  12.5 |      25 |       3 |  10.7
        D:2 |      35 |       2 |   5.4 |      12 |       1 |   7.7
        D:3 |     143 |       0 |   0.0 |      38 |       0 |   0.0
        D:4 |     651 |     281 |  30.2 |      12 |       1 |   7.7
        D:5 |     512 |       0 |   0.0 |      23 |       0 |   0.0
        D:6 |    1586 |     264 |  14.3 |      22 |       2 |   8.3
        D:7 |    1512 |     985 |  39.4 |      33 |       5 |  13.2
        D:8 |    1088 |    2566 |  70.2 |      23 |      27 |  54.0
        D:9 |    2598 |     582 |  18.3 |      36 |       7 |  16.3
       D:10 |    1524 |    2149 |  58.5 |      20 |       6 |  23.1
       D:11 |    3883 |   12669 |  76.5 |      30 |      57 |  65.5
       D:12 |    5259 |    1235 |  19.0 |      39 |       1 |   2.5
       D:13 |    6224 |       0 |   0.0 |      32 |       0 |   0.0
       D:14 |    4591 |    2330 |  33.7 |      29 |      14 |  32.6
       D:15 |    7342 |    9124 |  55.4 |      27 |      20 |  42.6
     Lair:1 |    2395 |    1746 |  42.2 |      15 |      24 |  61.5
     Lair:2 |    4126 |    4025 |  49.4 |      20 |      19 |  48.7
     Lair:3 |    4959 |       0 |   0.0 |      23 |       0 |   0.0
     Lair:4 |    9994 |     611 |   5.8 |      33 |       3 |   8.3
     Lair:5 |    7499 |     939 |  11.1 |      26 |       8 |  23.5
     Lair:6 |    7374 |    7210 |  49.4 |      24 |      19 |  44.2
    Swamp:1 |   14849 |       0 |   0.0 |      44 |       0 |   0.0
    Swamp:2 |   11466 |       0 |   0.0 |      30 |       0 |   0.0
    Swamp:3 |   24249 |     978 |   3.9 |      64 |       1 |   1.5
    Swamp:4 |    6061 |   13363 |  68.8 |      21 |      26 |  55.3
   Spider:1 |    5901 |       0 |   0.0 |      20 |       0 |   0.0
   Spider:2 |   21806 |    1784 |   7.6 |      69 |       1 |   1.4
   Spider:3 |   15979 |       0 |   0.0 |      32 |       0 |   0.0
   Spider:4 |    8834 |   22239 |  71.6 |      29 |      40 |  58.0
    Slime:1 |   15564 |       0 |   0.0 |      27 |       0 |   0.0
    Slime:2 |    6118 |       0 |   0.0 |      13 |       0 |   0.0
      Orc:1 |    1785 |     913 |  33.8 |       9 |       8 |  47.1
      Orc:2 |     563 |   23461 |  97.7 |       1 |     144 |  99.3
      Elf:1 |   12173 |   12111 |  49.9 |      20 |      18 |  47.4
      Elf:2 |   14165 |    7344 |  34.1 |      22 |      12 |  35.3
      Elf:3 |   26922 |   48980 |  64.5 |      44 |      31 |  41.3
   Vaults:1 |   29349 |    5152 |  14.9 |      54 |       8 |  12.9
   Vaults:2 |   13552 |   37901 |  73.7 |      25 |      54 |  68.4
   Vaults:3 |   31383 |   41037 |  56.7 |      49 |      55 |  52.9
   Vaults:4 |   36773 |   32497 |  46.9 |      62 |      46 |  42.6
    Crypt:1 |   26879 |       0 |   0.0 |      42 |       0 |   0.0
    Crypt:2 |   27169 |   10699 |  28.3 |      36 |       4 |  10.0
    Crypt:3 |   19495 |   79461 |  80.3 |      29 |      72 |  71.3
   Depths:1 |   34938 |   20927 |  37.5 |      62 |      20 |  24.4
   Depths:2 |    2095 |   27525 |  92.9 |       4 |      38 |  90.5
        Lab |       0 |    1177 | 100.0 |       0 |       1 | 100.0
     Bailey |       0 |    4920 | 100.0 |       0 |      69 | 100.0
    Volcano |       0 |    5052 | 100.0 |       0 |       8 | 100.0
     WizLab |    1068 |    7919 |  88.1 |       4 |      18 |  81.8
            +---------+---------+-------+---------+---------+-------

Table legend:
 A = Turns spent in this place as a percentage of turns spent in the entire game.
 B = Non-inter-level travel turns spent in this place as a percentage of non-inter-level travel turns spent in the entire game.
 C = Inter-level travel turns spent in this place as a percentage of turns spent in this place.
 D = Turns resting spent in this place as a percentage of non-inter-level travel turns spent in this place.
 E = Turns spent auto-exploring this place as a percentage of non-inter-level travel turns spent in this place.
 F = Non-inter-level travel turns spent in this place divided by the number of levels of this place that you've seen.
                   A       B       C       D       E      F
               +-------+-------+-------+-------+-------+----------------------
         Total | 100.0 | 100.0 |   8.1 |  20.5 |  37.4 | 1183.3
       Dungeon |  32.7 |  32.4 |   9.1 |  28.9 |  40.8 | 1277.1
        Temple |   0.2 |   0.2 |   7.6 |   0.0 |  98.2 | 109.0
          Lair |  13.3 |  13.2 |   8.6 |  23.7 |  42.5 | 1301.2
         Swamp |   5.9 |   6.1 |   5.1 |   9.7 |  45.8 | 902.8
   Spider Nest |   6.3 |   6.3 |   8.2 |   9.9 |  49.9 | 924.8
    Slime Pits |   1.4 |   1.4 |  10.8 |  12.0 |  36.8 | 400.5
  Orcish Mines |   6.5 |   6.2 |  12.2 |  28.1 |  28.9 | 1829.5
   Elven Halls |   7.0 |   7.2 |   5.9 |  21.8 |  30.1 | 1413.0
        Vaults |  11.6 |  11.5 |   8.9 |   8.0 |  44.8 | 1703.0
         Crypt |   7.8 |   7.9 |   6.8 |  14.5 |  15.8 | 1556.0
        Depths |   3.9 |   4.0 |   6.5 |   8.3 |  23.8 | 1188.5
     Labyrinth |   0.3 |   0.4 |   0.0 |  40.7 |   0.0 | 214.0
        Bailey |   1.9 |   2.1 |   0.0 |  38.6 |   8.1 | 1228.0
       Volcano |   0.3 |   0.3 |   0.0 |   0.0 |   7.4 | 204.0
        Wizlab |   0.9 |   1.0 |   0.0 |   0.3 |  50.3 | 578.0
               +-------+-------+-------+-------+-------+----------------------

Table legend:
 A = Kills in this place as a percentage of kills in entire the game.
 B = Kills by you in this place as a percentage of kills by you in the entire game.
 C = Kills by friends in this place as a percentage of kills by friends in the entire game.
 D = Other kills in this place as a percentage of other kills in the entire game.
 E = Experience gained in this place as a percentage of experience gained in the entire game.
 F = Experience gained in this place divided by the number of levels of this place that you have seen.
                   A       B       C       D       E      F
               +-------+-------+-------+-------+-------+----------------------
         Total | 100.0 | 100.0 | 100.0 | 100.0 | 100.0 | 18692.7
       Dungeon |  24.3 |  25.8 |   3.4 |  15.4 |   7.4 | 4612.2
          Lair |   9.5 |  10.0 |   4.1 |   0.0 |   5.4 | 8479.7
         Swamp |   8.3 |   7.8 |  15.8 |   0.0 |   7.6 | 17741.5
   Spider Nest |   8.5 |   7.1 |  28.8 |   7.7 |   8.2 | 19135.8
    Slime Pits |   1.8 |   1.9 |   0.0 |   0.0 |   2.3 | 10841.0
  Orcish Mines |   7.2 |   7.6 |   2.7 |   0.0 |   2.9 | 13361.0
   Elven Halls |   6.5 |   6.7 |   1.4 |  46.2 |  13.0 | 40565.0
        Vaults |  15.7 |  14.6 |  30.1 |  30.8 |  24.4 | 56911.0
         Crypt |   8.2 |   8.8 |   0.0 |   0.0 |  17.5 | 54567.7
        Depths |   5.5 |   5.0 |  13.7 |   0.0 |   9.1 | 42742.5
     Labyrinth |   0.0 |   0.0 |   0.0 |   0.0 |   0.1 | 1177.0
        Bailey |   3.1 |   3.3 |   0.0 |   0.0 |   0.5 | 4920.0
       Volcano |   0.4 |   0.4 |   0.0 |   0.0 |   0.5 | 5052.0
        Wizlab |   1.0 |   1.1 |   0.0 |   0.0 |   1.0 | 8987.0
               +-------+-------+-------+-------+-------+----------------------
